 Dungeon Crawl Stone Soup version 0.25-a0-287-g56a5b49892 (webtiles) character file.

Game seed: 4746052050751359737, levelgen mode: deterministic

14 D1HalberdGnoll the Insei (level 2, -5/18 HPs)
             Began as an Octopode Transmuter on Dec 12, 2019.
             Slain by a gnoll
             ... wielding a +0 halberd
              (8 damage)
             ... on level 1 of the Dungeon.
             The game lasted 00:00:46 (578 turns).

D1HalberdGnoll the Insei (Octopode Transmuter)       Turns: 578, Time: 00:00:47

Health: -5/18      AC:  1    Str:  9    XL:     2   Next: 45%
Magic:  5/5        EV: 13    Int: 15    God:
Gold:   26         SH:  0    Dex: 12    Spells: 4/5 levels left

rFire    . . .     SeeInvis .     - Unarmed
rCold    . . .     Gourm    .   (no shield)
rNeg     . . .     Faith    .   (helmet restricted)
rPois    .         Spirit   .   (no amulet)
rElec    .         Reflect  .   (no ring)
rCorr    .         Harm     .   (no ring)
MR       .....                  (no ring)
Stlth    ++........             (no ring)
HPRegen  0.06/turn              (no ring)
MPRegen  0.09/turn              (no ring)
                                (no ring)
                                (no ring)

@: no status effects
A: almost no armour, stealthy swim, amphibious, 8 rings, constrict 8, camouflage
1, gelatinous body 1
a: no special abilities


You were on level 1 of the Dungeon.
You were not hungry.

You visited 1 branch of the dungeon, and saw 1 of its levels.

You collected 26 gold pieces.

Inventory:

Missiles
 a - 29 arrows
Scrolls
 b - a scroll of teleportation {unknown}
Potions
 d - a potion of curing {unknown}
 e - 2 potions of mutation {unknown}
 f - a potion of haste {unknown}
 g - a potion of agility {unknown}
 h - a potion of invisibility {unknown}
 i - a potion of brilliance {unknown}
Comestibles
 c - 2 rations
 j - a chunk of flesh


   Skills:
 + Level 1.2 Fighting
 - Level 2.0 Dodging
 + Level 0.9 Stealth
 + Level 3.1 Unarmed Combat
 + Level 2.1 Spellcasting
 * Level 2.3 Transmutations


You had 4 spell levels left.
You knew the following spells:

 Your Spells              Type           Power        Failure   Level  Hunger
a - Beastly Appendage     Tmut           #.....       9%          1    #......

Your spell library contained the following spells:

 Spells                   Type           Power        Failure   Level  Hunger
 Sticks to Snakes         Tmut           #.......     12%         2    ###....
 Spider Form              Tmut/Pois      #.........   38%         3    ###....
 Ice Form                 Ice/Tmut       #.......     80%         4    #####..
 Blade Hands              Tmut           #.........   92%         5    ######.


Dungeon Overview and Level Annotations

Branches:
Dungeon (1/15)

Altars:


Innate Abilities, Weirdness & Mutations

You cannot wear most types of armour.
You are very stealthy in the water. (Stealth+)
You are amphibious.
You can wear up to eight rings at the same time.
You can use your tentacles to constrict eight enemies at once.
Your skin changes colour to match your surroundings (Stealth+).
Your rubbery body absorbs attacks. (AC +1, EV +1)


Message History

You see here a +0 dagger.
You aren't carrying any items that you can evoke.
Okay, then.
A dart slug comes into view.
Found a pair of gloves.
You tentacle-slap the dart slug. You grab the dart slug.
The dart slug is moderately wounded.
You constrict the dart slug, but do no damage.
The frilled lizard bites you. The gnoll barely misses you.
The dart slug bites you.
* * * LOW HITPOINT WARNING * * *
You tentacle-slap the dart slug.
The dart slug is heavily wounded.
You constrict the dart slug, but do no damage.
The frilled lizard bites you.
* * * LOW HITPOINT WARNING * * *
You tentacle-slap the dart slug.
You kill the dart slug!
The gnoll hits you from afar with a +0 halberd!
You die...

#.#.#..#.##......#
#...<....#######.#######
#######.## #........ #.#
############## #.#
#......# # #.# #......#
## #g# #......# #. #l#
#......# #. #@# #......#
####. #.# #......# #....
..# #......###.... #.##
####.......... #.
########)#. #[ # #.#. #.
.. ###.#. ## ... ##.#.##
$..######......


You could see a gnoll and a frilled lizard.

Vanquished Creatures
  2 dart slugs (D:1)
  3 goblins (D:1)
  A hobgoblin (D:1)
  A bat (D:1)
  3 kobolds (D:1)
  A rat (D:1)
11 creatures vanquished.

Notes
Turn   | Place    | Note
-------+----------+-------------------------------------------
     0 | D:1      | D1HalberdGnoll the Octopode Transmuter began the quest for
                  | the Orb.
     0 | D:1      | Reached XP level 1. HP: 13/13 MP: 3/3
   359 | D:1      | Reached XP level 2. HP: 18/18 MP: 3/5
   578 | D:1      | Slain by a gnoll

Levels and vault maps discovered:
D:1:      dpeg_arrival_lava_altar, layout_loops_cross, st_stairs_7

Action                   || total
-------------------------++-------
Melee: Unarmed           ||    26
       Constrict         ||     7
       Tentacles         ||     6
       Kick              ||     3
       Punch             ||     1
 Cast: Beastly Appendage ||     6
Armor: Skin              ||     5
Dodge: Dodged            ||    19

Table legend:
 A = Non-vault XP
 B = Vault XP
 C = Vault XP percentage of total XP
 D = Non-vault monster count
 E = Vault monster count
 F = Vault count percentage of total count
                 A         B        C        D         E       F
            +---------+---------+-------+---------+---------+-------
      Total |      21 |       0 |   0.0 |      11 |       0 |   0.0
            +---------+---------+-------+---------+---------+-------
        D:1 |      21 |       0 |   0.0 |      11 |       0 |   0.0
            +---------+---------+-------+---------+---------+-------
